 Dungeon Crawl Stone Soup version 0.27.1-4-g1640c2035a (webtiles) character file.

Game seed: 13896306295865329845

125780 raph the Bludgeoner (level 16, -8/149 HPs)
             Began as a Minotaur Berserker on Nov 5, 2021.
             Was a High Priest of Trog.
             Hit by a boomerang thrown by a merfolk (12 damage)
             ... on level 4 of the Shoals.
             The game lasted 00:57:44 (43538 turns).

raph the Bludgeoner (Minotaur Berserker)           Turns: 43538, Time: 00:57:45

Health: -8/149     AC: 26    Str: 23    XL:     16   Next: 42%
Magic:  15/15      EV: 17    Int:  4    God:    Trog [*****.]
Gold:   759        SH: 23    Dex: 22    Spells: 15/15 levels left

rFire    + . .     SeeInvis .   a - +6 morningstar (drain)
rCold    + . .     Faith    +   G - +2 tower shield
rNeg     + . .     Spirit   .   W - +2 plate armour {Will+}
rPois    +         Reflect  .   X - -2 hat of the Alchemist {rElec rPois rF+ rC+ rN+ Will+ rMut rCorr}
rElec    +         Harm     .   y - +2 cloak
rCorr    +         Rampage  .   s - +1 pair of gloves
rMut     +                      n - +2 pair of boots
Will     +++++                  f - amulet of faith
Stlth    ..........             M - +4 ring of evasion
HPRegen  1.34/turn              I - +6 ring of dexterity
MPRegen  0.14/turn

@: lethally poisoned (-8 -> -15), strong-willed, spiked, on berserk cooldown,
regenerating, slowed, very slow
A: horns 2, retaliatory headbutt
a: Renounce Religion, Berserk, Trog's Hand, Brothers in Arms


You were on level 4 of the Shoals.
You worshipped Trog.
Trog was extremely pleased with you.
You visited 4 branches of the dungeon, and saw 27 of its levels.
You also visited: Bailey.

You collected 3024 gold pieces.
You spent 2265 gold pieces at shops.

Inventory:

Hand Weapons
 a - a +6 morningstar of draining (weapon)
 b - a +0 hand crossbow
 w - the +3 dagger "Civvoc" {vorpal, Str+7 SInv}
   (You found it on level 11 of the Dungeon)

   It inflicts extra damage upon your enemies.
   Str:       It affects your strength (+7).
   SInv:      It lets you see invisible.
 U - a +3 vorpal morningstar
Missiles
 e - 14 throwing nets (quivered)
 Q - 87 bolts
Armour
 n - a +2 pair of boots (worn)
 s - a +1 pair of gloves (worn)
 y - a +2 cloak (worn)
 G - a +2 tower shield (worn)
 W - a +2 plate armour of willpower (worn)
 X - the -2 hat of the Alchemist (worn) {rElec rPois rF+ rC+ rN+ Will+ rMut rCorr}
   (You bought it in a shop on level 9 of the Dungeon)

   rF:        It protects you from fire.
   rC:        It protects you from cold.
   rElec:     It insulates you from electricity.
   rPois:     It protects you from poison.
   rN:        It protects you from negative energy.
   rCorr:     It protects you from acid and corrosion.
   rMut:      It protects you from mutation.
   Will:      It increases your willpower.
Jewellery
 f - an amulet of faith (around neck)
 k - a ring of ice
 I - a +6 ring of dexterity (right hand)
 M - a +4 ring of evasion (left hand)
Wands
 d - a wand of digging (4)
 m - a wand of mindburst (8)
 r - a wand of charming (25)
 z - a wand of flame (44)
 H - a wand of paralysis (19)
 K - a wand of iceblast (10)
 R - a wand of polymorph (44)
 S - a wand of acid (9)
Scrolls
 g - a scroll of fog
 i - a scroll of summoning
 j - 2 scrolls of teleportation
 p - 2 scrolls of fear
 v - 7 scrolls of identify
 Y - a scroll of holy word
Potions
 c - 15 potions of curing
 h - 4 potions of ambrosia
 o - 3 potions of mutation
 q - a potion of invisibility
 t - 5 potions of haste
 x - 2 potions of might
 A - 4 potions of flight
 D - a potion of heal wounds
 L - a potion of resistance
 O - 2 potions of magic
Miscellaneous
 u - a box of beasts
 B - a condenser vane
 P - a phantom mirror
 Z - a lightning rod (4/4)


   Skills:
 + Level 15.5 Fighting
 - Level 16.0 Maces & Flails
 - Level 10.0 Crossbows
 - Level 14.0 Armour
 - Level 12.9 Dodging
 * Level 14.7 Shields
 - Level 5.3 Evocations


You had 15 spell levels left.
You didn't know any spells.
Your spell library was empty.

Dungeon Overview and Level Annotations

Branches:
Dungeon (15/15)            Temple (0/1) D:6            Lair (6/6) D:8
 Shoals (4/4) Lair:2       Spider (0/4) Lair:2        Slime (0/5) Lair:6
    Orc (2/2) D:9             Elf (0/3) Orc:2        Vaults (0/5) D:14
 Depths (0/5) D:15         Bailey (visited)

Altars:
Fedhas
Hepliaklqana
Makhleb
Nemelex Xobeh
Uskayaw
Vehumet
Wu Jian
Xom

Shops:
D:5 [   D:9 [[   Orc:2 ([=**

Annotations:
Lair:3 2 transporters
Lair:6 exclusion: oklob plant
Shoals:1 Roxanne
Shoals:2 3 runed translucent doors
Shoals:4 exclusion: 2 ice statues


Innate Abilities, Weirdness & Mutations

You have a pair of horns on your head.
You reflexively headbutt those who attack you in melee.


Message History

Your headbutt misses the merfolk javelineer.
The merfolk javelineer is heavily wounded.
You feel sick.
The merfolk impaler hits you from afar with a +2 trident of venom.
* * * LOW HITPOINT WARNING * * *
You block the merfolk's attack. x2
The merfolk avatar chants a haunting song.
You resist with almost no effort. You block the merfolk's attack.
You puncture the merfolk javelineer!
The merfolk javelineer is severely wounded.
You are no longer berserk.
You are exhausted.
You feel yourself slow down.
You feel sick. The merfolk javelineer misses you.
You block the merfolk impaler's attack. The manticore barely misses you.
You block the manticore's attack. The manticore completely misses you.
The merfolk javelineer throws a silver javelin.
The silver javelin pierces through you!
* * * LOW HITPOINT WARNING * * *
x2 The silver javelin pierces through the merfolk impaler!!
The silver javelin pierces through the merfolk avatar!!
The alligator snapping turtle bites you from afar!
* * * LOW HITPOINT WARNING * * *
Your unstable footing causes you to fumble your attack.
You feel sick. You block the merfolk's attack. x2
You block the merfolk impaler's attack.
The merfolk avatar chants a haunting song.
You resist with almost no effort.
The merfolk hits you from afar with a +1 trident of venom.
* * * LOW HITPOINT WARNING * * *
You are lethally poisoned!
The merfolk javelineer hits you but does no damage.
The manticore closely misses you. The manticore barely misses you.
You block the manticore's attack.
The merfolk impaler hits you but does no damage.
The merfolk javelineer throws a silver javelin.
The silver javelin completely misses you.
The silver javelin completely misses the merfolk impaler.
The silver javelin pierces through the merfolk avatar!!
The merfolk throws a boomerang.
The boomerang hits you!
You die...

+...###...###....≈≈≈≈≈≈<...
#...###.........≈≈≈≈≈≈≈≈≈..
##.).≈####.....#≈≈≈≈≈≈≈≈≈≈≈≈
######....≈≈#######≈≈≈≈≈≈≈≈≈≈≈≈≈≈
#.........≈≈m######≈#m≈≈≈≈≈.≈≈≈≈≈
.........[≈≈m≈≈≈≈≈....≈≈≈≈≈≈.....
.........≈≈≈≈≈mm≈≈......≈≈.......
.......≈.≈≈≈≈≈m≈H≈......≈........
...≈..§≈≈≈≈≈≈≈m≈@)...............
......≈≈≈≈≈≈≈≈≈##m##≈≈...........
...≈..≈X≈≈≈≈≈≈ #§mt##≈≈..(.......
#.....≈≈≈≈≈≈≈≈#m≈≈≈≈#≈........P..
#.....≈≈≈≈≈≈≈≈#≈≈φ≈≈#≈.(.........
.....≈≈≈≈≈≈≈≈≈#.....#≈...........
....≈≈≈≈≈≈≈≈≈≈##...##≈≈..........
#.≈≈≈≈≈≈≈≈≈≈≈≈ #####≈≈≈..........
#.≈≈≈≈≈≈≈≈ ≈≈≈....8.8...≈


You could see an alligator snapping turtle, 3 merfolk avatars, a merfolk
impaler, 2 merfolk javelineers, 3 merfolk and a manticore.

Vanquished Creatures
  Jorgrun (Shoals:2)
  A kraken (Shoals:1)
  Polyphemus (Shoals:4)
  Aizul (Shoals:3)
  2 stone giants
  2 ettins (Orc:2)
  3 merfolk javelineers
  3 merfolk impalers
  8 vault guards (D:14)
  4 hydras
  4 boulder beetles
  A centaur warrior (D:14)
  4 catoblepae
  Fannar (Lair:2)
  4 merfolk avatars
  2 merfolk aquamancers (Shoals:4)
  2 alligator snapping turtles
  The ghost of loralnil the Destroyer, a novice DrEE of Sif Muna (D:9)
  A death knight (D:14)
  7 two-headed ogres
  3 tengu warriors
  A satyr (Shoals:3)
  10 death yaks
  A skeletal warrior (D:14)
  4 sea snakes
  3 deep elf pyromancers
  2 orc knights
  10 harpies
  3 orc sorcerers
  5 fauns
  An orb spider (Lair:2)
  24 ugly things
  13 cyclopes
  11 manticores
  4 merfolk sirens
  A torpor snail (Lair:6)
  A black mamba (Lair:2)
  A water nymph (Shoals:2)
  9 cane toads
  An unseen horror (D:12)
  3 rime drakes
  A yaktaur (D:15)
  4 komodo dragons
  3 tengu conjurers
  An efreet (D:14)
  3 meliai (D:14)
  A wind drake (Shoals:3)
  5 trolls
  25 merfolk
  12 blink frogs (Lair:6)
  A dream sheep (shapeshifter) (D:12)
  13 slime creatures
  5 dream sheep (Lair:5)
  7 snapping turtles
  7 water elementals
  The ghost of emiel the Bolt Thrower, an amateur SpHu (D:4)
  2 shadows
  Eustachio (D:5)
  2 basilisks
  31 yaks
  A vampire (D:12)
  5 wyverns
  19 vampire mosquitoes
  4 wargs
  An acid dragon (D:8)
  19 water moccasins
  11 orc warriors
  2 black bears
  An ice beast (D:7)
  A hornet zombie (D:6)
  3 ogres
  2 necrophages
  8 centaurs
  7 wolves
  2 phantoms
  5 kobold brigands
  15 bullfrogs
  9 gnoll sergeants
  3 scorpions
  3 killer bees (D:6)
  A howler monkey (D:6)
  A lava snake (D:8)
  7 bullfrog zombies
  4 centaur zombies
  5 hounds
  7 orc priests
  7 gnoll shamans
  A bullfrog skeleton (D:5)
  2 centaur skeletons
  An iguana (D:5)
  Terence (D:3)
  Natasha (thrice) (D:3)
  22 orc wizards
  3 scorpion zombies (D:5)
  2 killer bee zombies
  A hound zombie (D:5)
  A hound skeleton (D:5)
  A howler monkey zombie (D:9)
  2 howler monkey skeletons (D:6)
  26 gnolls
  8 adders
  2 shadow imps
  A white imp (D:7)
  3 adder zombies (D:5)
  An adder skeleton (D:5)
  3 worms
  6 dart slugs
  49 orcs
  4 endoplasms
  6 giant cockroaches
  9 goblins
  7 hobgoblins
  15 jackals
  8 quokkas
  4 ball pythons
  10 bats
  3 frilled lizards
  26 kobolds
  4 rats
  4 tentacles (Shoals:4)
681 creatures vanquished.

Vanquished Creatures (collateral kills)
  Ilsuiw (Shoals:2)
  An ettin (D:9)
  A merfolk impaler (Shoals:3)
  2 death yaks (Lair:6)
  2 manticores
  2 merfolk sirens (Shoals:2)
  A rime drake (D:8)
  10 yaks
  A vampire mosquito (D:6)
  An ogre (D:6)
  A gnoll sergeant (Bailey)
  2 gnoll shamans
  2 orc wizards (D:6)
  3 gnolls (Bailey)
  An orc (D:6)
  6 tentacles
37 creatures vanquished.

Vanquished Creatures (others)
  42 fungi
  86 plants
  23 tentacles
151 creatures vanquished.

Grand Total: 869 creatures vanquished

Notes
Turn   | Place    | Note
-------+----------+-------------------------------------------
     0 | D:1      | raph the Minotaur Berserker began the quest for the Orb.
     0 | D:1      | Reached XP level 1. HP: 19/19 MP: 0/0
    39 | D:1      | Reached skill level 4 in Maces & Flails
   285 | D:1      | Reached XP level 2. HP: 26/26 MP: 1/1
   655 | D:1      | Reached skill level 5 in Maces & Flails
   659 | D:1      | Reached XP level 3. HP: 31/31 MP: 2/2
   794 | D:1      | Found a faded altar of an unknown god.
  1248 | D:2      | Reached ** piety under Trog
  1744 | D:2      | Reached XP level 4. HP: 39/39 MP: 3/3
  1747 | D:2      | Reached skill level 6 in Maces & Flails
  2358 | D:3      | Noticed a necrophage
  2368 | D:3      | Killed a necrophage
  2369 | D:3      | Reached skill level 7 in Maces & Flails
  2369 | D:3      | Reached XP level 5. HP: 45/45 MP: 4/4
  2461 | D:3      | Noticed Natasha
  2466 | D:3      | Killed Natasha
  2635 | D:3      | Noticed Natasha
  2643 | D:3      | Killed Natasha
  2798 | D:3      | Reached *** piety under Trog
  2799 | D:3      | Reached skill level 8 in Maces & Flails
  2813 | D:3      | Noticed Natasha
  2820 | D:3      | Killed Natasha
  2821 | D:3      | Reached XP level 6. HP: 51/51 MP: 5/5
  2985 | D:3      | Noticed Terence
  2993 | D:3      | Killed Terence
  3204 | D:4      | Found a runed translucent door.
  3830 | D:4      | Reached skill level 9 in Maces & Flails
  4200 | D:4      | Reached XP level 7. HP: 56/57 MP: 6/6
  4523 | D:4      | Noticed emiel's ghost (amateur SpHu)
  4538 | D:5      | Entered Level 5 of the Dungeon
  4538 | D:5      | Found Qeheer's Antique Armour Shoppe.
  4712 | D:5      | Reached skill level 10 in Maces & Flails
  4831 | D:5      | Reached **** piety under Trog
  5264 | D:5      | Reached XP level 8. HP: 64/66 MP: 7/7
  5291 | D:5      | Noticed Eustachio
  5316 | D:5      | Killed Eustachio
  5317 | D:5      | Reached skill level 11 in Maces & Flails
  5985 | D:5      | Bought a buckler for 139 gold pieces
  6242 | D:6      | Found a staircase to the Ecumenical Temple.
  6256 | D:6      | Reached skill level 1 in Shields
  6259 | D:6      | Reached skill level 5 in Fighting
  7294 | D:6      | Reached XP level 9. HP: 37/74 MP: 8/8
  7605 | D:6      | Noticed a white ugly thing
  7618 | D:6      | Killed a white ugly thing
  7619 | D:6      | Reached skill level 12 in Maces & Flails
  7619 | D:6      | Reached skill level 5 in Armour
  9099 | D:7      | Reached skill level 5 in Dodging
  9419 | D:7      | Found a radiant altar of Vehumet.
  9580 | D:7      | Found an ornate altar of the Wu Jian Council.
 10330 | D:8      | Reached XP level 10. HP: 86/86 MP: 9/9
 10450 | D:8      | Reached skill level 13 in Maces & Flails
 10495 | D:8      | Found a hazy altar of Hepliaklqana.
 10607 | D:8      | Found a burning altar of Makhleb.
 10631 | D:8      | Found a staircase to the Lair.
 10770 | D:8      | Noticed a two-headed ogre
 10778 | D:8      | Killed a two-headed ogre
 10957 | D:8      | Noticed a purple ugly thing
 10965 | D:8      | Killed a purple ugly thing
 10965 | D:8      | Reached ***** piety under Trog
 11649 | D:8      | Reached skill level 14 in Maces & Flails
 12235 | Lair:1   | Entered Level 1 of the Lair of Beasts
 12235 | Lair:1   | Noticed a cane toad
 12243 | Lair:1   | Killed a cane toad
 12379 | Lair:1   | Noticed a cane toad
 12385 | Lair:1   | Killed a cane toad
 12740 | Lair:1   | Reached XP level 11. HP: 95/95 MP: 10/10
 12937 | Lair:1   | Noticed a seven-headed hydra
 12946 | Lair:1   | Killed a seven-headed hydra
 14011 | Lair:2   | Found a shimmering altar of Xom.
 14152 | Lair:2   | Noticed a six-headed hydra
 14160 | Lair:2   | Killed a six-headed hydra
 14161 | Lair:2   | Reached skill level 10 in Fighting
 14180 | Lair:2   | Reached skill level 10 in Armour
 14481 | Lair:2   | Found a hole to the Spider Nest.
 14481 | Lair:2   | Noticed an orb spider
 14932 | Lair:2   | Killed an orb spider
 15239 | Lair:2   | Noticed Fannar
 15254 | Lair:2   | Killed Fannar
 15279 | Lair:2   | Found a staircase to the Shoals.
 16120 | Lair:3   | Found a transporter.
 16121 | Lair:3   | Found a transporter.
 16122 | Lair:3   | Noticed a boulder beetle
 17097 | Lair:4   | Noticed a four-headed hydra
 17108 | Lair:4   | Killed a four-headed hydra
 17267 | Lair:4   | Reached XP level 12. HP: 108/108 MP: 11/11
 17979 | Lair:5   | Reached skill level 10 in Dodging
 18324 | Lair:5   | Reached skill level 15 in Maces & Flails
 18833 | Lair:5   | Found a sparkling altar of Nemelex Xobeh.
 19245 | Lair:6   | Entered Level 6 of the Lair of Beasts
 19391 | Lair:6   | Noticed a four-headed hydra
 19396 | Lair:6   | Killed a four-headed hydra
 20189 | Lair:6   | Noticed a catoblepas
 20206 | Lair:6   | Killed a catoblepas
 20320 | Lair:6   | Noticed a death yak
 20322 | Lair:6   | Noticed a death yak
 20333 | Lair:6   | Killed a death yak
 20352 | Lair:6   | Killed a death yak
 20741 | Lair:6   | Noticed a death yak
 20741 | Lair:6   | Noticed a death yak
 20754 | Lair:6   | Killed a death yak
 20759 | Lair:6   | Killed a death yak
 21074 | Lair:6   | Noticed a death yak
 21074 | Lair:6   | Noticed a death yak
 21077 | Lair:6   | Noticed a death yak
 21082 | Lair:6   | Noticed a catoblepas
 21085 | Lair:6   | Noticed a death yak
 21086 | Lair:6   | Killed a death yak
 21109 | Lair:6   | Killed a death yak
 21110 | Lair:6   | Reached skill level 16 in Maces & Flails
 21110 | Lair:6   | Reached XP level 13. HP: 115/118 MP: 12/12
 21902 | Lair:6   | Found a staircase to the Slime Pits.
 21930 | Lair:6   | Reached skill level 5 in Shields
 22671 | D:9      | Found a staircase to the Orcish Mines.
 22680 | D:9      | Found Xots's Armour Shoppe.
 23258 | D:9      | Found Pezxeusu's Antique Armour Shoppe.
 23267 | D:9      | Bought a pair of glowing boots for 157 gold pieces
 23340 | D:9      | Found a large runed translucent door.
 23341 | D:9      | Found a large runed translucent door.
 23343 | D:9      | Noticed loralnil's ghost (novice DrEE)
 24019 | D:10     | Entered Level 10 of the Dungeon
 24566 | D:10     | Reached skill level 1 in Crossbows
 24576 | D:10     | Identified the +1 chain mail "Suuzxomp" {Str+5}
 25036 | D:11     | Found a sparkling altar of Nemelex Xobeh.
 25154 | D:11     | Reached skill level 1 in Evocations
 25484 | D:11     | Identified the +3 dagger "Civvoc" {vorpal, Str+7 SInv}
 25700 | Orc:1    | Entered Level 1 of the Orcish Mines
 25702 | Orc:1    | Paralysed by an orc sorcerer for 6 turns
 25920 | Orc:2    | Entered Level 2 of the Orcish Mines
 25938 | Orc:2    | Noticed an ettin
 25986 | D:9      | Killed an ettin
 26250 | Orc:2    | Found Sithraam's General Store.
 26259 | Orc:2    | Bought a scroll of silence for 90 gold pieces
 26273 | Orc:2    | Found Idiczeb's Jewellery Emporium.
 26273 | Orc:2    | Noticed an ettin
 26283 | Orc:2    | Killed an ettin
 26524 | Orc:2    | Found Etaippao's General Store.
 26547 | Orc:2    | Bought a scroll of enchant weapon for 82 gold pieces
 26597 | Orc:2    | Received a gift from Trog
 26868 | Orc:2    | Paralysed by an orc sorcerer for 7 turns
 27811 | Orc:2    | Found a staircase to the Elven Halls.
 27822 | Orc:2    | Found Otod's Antique Weapon Shop.
 27822 | Orc:2    | Noticed a stone giant
 27846 | Orc:2    | Killed a stone giant
 27847 | Orc:2    | Reached XP level 14. HP: 129/129 MP: 13/13
 28310 | Orc:2    | Found Hitecs's Antique Armour Emporium.
 29608 | D:13     | Received a gift from Trog
 29631 | D:13     | Found a flagged portal.
 29664 | Bailey   | Entered a bailey
 31907 | D:14     | Reached skill level 5 in Crossbows
 32076 | D:14     | Reached skill level 10 in Shields
 32810 | D:14     | Identified the +10 spear of Keuxket {pain, rF- rN++ rCorr
                  | SInv}
 32971 | D:14     | Found a gate to the Vaults.
 33019 | D:14     | Reached XP level 15. HP: 106/137 MP: 14/14
 33355 | D:14     | Found a blossoming altar of Fedhas.
 33725 | D:4      | Killed emiel's ghost
 33933 | D:9      | Killed loralnil's ghost
 34068 | D:5      | Bought a shiny plate armour for 806 gold pieces
 34195 | D:9      | Bought the -2 hat of the Alchemist {rElec rPois rF+ rC+ rN+
                  | Will+ rMut rCorr} for 991 gold pieces
 34195 | D:9      | Found the -2 hat of the Alchemist {rElec rPois rF+ rC+ rN+
                  | Will+ rMut rCorr}
 34320 | D:15     | Entered Level 15 of the Dungeon
 34326 | D:15     | Reached skill level 5 in Evocations
 35037 | D:15     | Found a hide-covered altar of Uskayaw.
 35193 | D:15     | Received a gift from Trog
 35676 | D:15     | Found a staircase to the Depths.
 36189 | Shoals:1 | Entered Level 1 of the Shoals
 36683 | Shoals:1 | Identified Roxanne's Almanac of Transformation
 36683 | Shoals:1 | Noticed Roxanne
 36715 | Shoals:1 | Noticed a kraken
 36729 | Shoals:1 | Killed a kraken
 37280 | Shoals:2 | Noticed Jorgrun
 37295 | Shoals:2 | Killed Jorgrun
 38069 | Shoals:2 | Noticed a frost giant
 38128 | Shoals:2 | Found a runed translucent gate.
 38129 | Shoals:2 | Found a runed translucent gate.
 38146 | Shoals:2 | Noticed Ilsuiw
 38149 | Shoals:2 | Found a runed translucent gate.
 38155 | Shoals:2 | Killed Ilsuiw
 40264 | Shoals:3 | Reached XP level 16. HP: 147/147 MP: 15/15
 40323 | Shoals:3 | Noticed Aizul
 40347 | Shoals:3 | Killed Aizul
 41365 | Shoals:3 | Reached skill level 15 in Fighting
 41843 | Shoals:4 | Entered Level 4 of the Shoals
 41852 | Shoals:4 | Noticed a kraken
 42626 | Shoals:4 | Reached skill level 10 in Crossbows
 43130 | Shoals:4 | Noticed Polyphemus
 43145 | Shoals:4 | Killed Polyphemus
 43538 | Shoals:4 | HP: 4/149 [merfolk (6)]
 43538 | Shoals:4 | Hit by a boomerang thrown by a merfolk

Illustrated notes

Levels and vault maps discovered:
D:1:      dpeg_arrival_brainrot, layout_rooms, chequers_ecumenical_altar_simple,
          hangedman_glass_teeth, chequers_serial_rivers_micro_e,
          minmay_surrounded
D:2:      layout_basic
D:3:      minmay_inner_zag, layout_basic, serial_park_tiny_pond, uniq_terence,
          uniq_natasha
D:4:      layout_cave_pools, ebering_ghost_sewer_d
D:5:      layout_basic, serial_undead, serial_undead_a, serial_undead_d,
          serial_undead_d, serial_undead_a, nicolae_stop_n_shop_1,
          uniq_eustachio
D:6:      wad_guarded_room, layout_layer_cave, minmay_temple_entry_sparse_star
D:7:      layout_cave_pods, nicolae_wu_jian_glorious_leap,
          vehumet_altar_wand_db, minmay_misc_feat_rows
D:8:      layout_loops_cross, nicolae_overflow_hidden_temple,
          overflow_temple_1_default, due_lair_maze_entry_diamond,
          grunt_decor_junction
D:9:      layout_gridville, orc_david_3, serial_shops, shop,
          ebering_ghost_disaster_area
D:10:     layout_small_grid
D:11:     layout_gridville, dk_noncrumbling_4, nemelex_spade_bored_becter
D:12:     layout_basic, nrook_uturn, minmay_misc_feat_more_columns
D:13:     layout_gridville, enter_bailey_2
D:14:     layout_irregular_city, erik_vaults_2, fedhas_altar_4,
          minmay_diced_spiral
D:15:     grunt_enter_depths_snipers, layout_loops_ring,
          nicolae_uskayaw_murder_on_the_dancefloor
Lair:1:   layout_small_grid
Lair:2:   layout_long_grid, elwin_shoals_entry_rocks,
          nicolae_spider_entry_orb_guardian, basic_altar, st_stairs_9,
          uniq_fannar
Lair:3:   gammafunk_boulding_lane, layout_regular_city
Lair:4:   layout_cave_pods
Lair:5:   layout_small_grid, nicolae_volcano_entry_hallway, basic_altar
Lair:6:   evilmike_catoblepas_cave, layout_long_grid,
          minmay_slime_entry_oklob_open
Shoals:1: layout_shoals, uniq_roxanne
Shoals:2: layout_shoals, nicolae_shoals_beach_cooler, uniq_ilsuiw, uniq_jorgrun
Shoals:3: layout_shoals, uniq_aizul
Shoals:4: shoals_end_simple, layout_shoals,
          portal_ice_cave_entry_ice_statue_two, nicolae_shoals_land_atoll,
          uniq_polyphemus
Orc:1:    layout_caves
Orc:2:    grunt_orc_gardens, layout_diamond_mine, grunt_orc_garden,
          grunt_orc_garden, grunt_orc_garden, grunt_orc_garden, serial_shops,
          nicolae_shop_window_shopping, guppyfry_orc_lava_fort

Skill      XL: |  1  2  3  4  5  6  7  8  9 10 11 12 13 14 15 16 |
---------------+-------------------------------------------------+-----
Maces & Flails | 4 5 7 8 9 10 11 12 14 16 | 16.0
Fighting       | 4 5 7 8 10 12 13 14 15 | 15.5
Armour         | 3 4 6 8 10 12 13 14 | 14.0
Dodging        | 3 4 5 7 9 10 11 12 | 12.9
Shields        | 3 4 8 10 13 14 | 14.7
Crossbows      | 3 5 9 10 | 10.0
Evocations     | 2 4 5 |  5.3

Action                   |  1- 3 |  4- 6 |  7- 9 | 10-12 | 13-15 | 16-18 || total
-------------------------+-------+-------+-------+-------+-------+-------++-------
Melee: Mace              |    79 |   146 |   246 |       |       |       ||   471
       Headbutt          |     7 |    20 |    72 |   104 |   361 |    71 ||   635
       Flail             |       |       |    58 |    68 |       |       ||   126
       Morningstar       |       |       |       |   344 |  1102 |   233 ||  1679
       Dagger            |       |       |       |       |    17 |       ||    17
 Fire: Hunting sling     |       |     4 |    35 |    53 |       |       ||    92
       Hand crossbow     |       |       |       |       |   164 |    29 ||   193
Invok: Berserk           |     4 |     6 |     6 |    15 |    22 |     5 ||    58
       Trog's Hand       |       |     1 |     1 |     4 |    12 |     2 ||    20
       Brothers in Arms  |       |       |     3 |     2 |     8 |     2 ||    15
Evoke: Wand              |       |       |       |     3 |       |       ||     3
  Use: Scroll            |       |    10 |     8 |    10 |    11 |     2 ||    41
 Stab: Sleeping          |     1 |       |       |       |       |       ||     1
       Petrifying        |       |       |       |     1 |       |     1 ||     2
       Petrified         |       |       |       |       |       |     7 ||     7
Armor: Animal skin       |     5 |       |       |       |       |       ||     5
       Ring mail         |    14 |    43 |   138 |    20 |       |       ||   215
       Plate armour      |       |       |       |   118 |   196 |    72 ||   386
       Chain mail        |       |       |       |       |   206 |       ||   206
Dodge: Dodged            |    52 |    91 |   173 |   191 |   617 |   118 ||  1242
Block: Buckler           |       |       |    31 |    87 |     3 |       ||   121
       Tower shield      |       |       |       |       |  1356 |   290 ||  1646
